 Dungeon Crawl Stone Soup version 0.28-a0-1510-gd0f6b136d3 (webtiles) character file.

Game seed: 520948684197123114

2 Shayle the Magician (level 1, -1/18 HPs)
             Began as a Djinni Warper on Jan 15, 2022.
             Slain by a kobold (4 damage)
             ... on level 2 of the Dungeon.
             The game lasted 00:00:48 (151 turns).

Shayle the Magician (Djinni Warper)                  Turns: 151, Time: 00:00:49

Health: -1/18      AC:  3    Str: 10    XL:     1   Next: 33%
Gold:   23         EV:  8    Int: 14    God:
                   SH:  0    Dex: 12

rFire   + + .      SeeInvis .     - Unarmed
rCold   x . .      Faith    .   (no shield)
rNeg    . . .      Spirit   .   a - +0 leather armour
rPois   ∞          Reflect  .   (no helmet)
rElec   .          Harm     .   (no cloak)
rCorr   .          Rampage  .   (no gloves)
Will    .....                   (boots unavailable)
Stlth   +.........              (no amulet)
HPRegen 0.06/turn               (no ring)
MPRegen 0.00/turn               (no ring)

@: flying, constricted
A: sickness immunity, fire resistance 2, cold vulnerability 1, float, innate
caster, hp casting, extra vitality 1
a: no special abilities


You were on level 2 of the Dungeon.
You visited 1 branch of the dungeon, and saw 2 of its levels.

You collected 23 gold pieces.

Inventory:

Hand Weapons
 e - a +0 short sword of electrocution
Missiles
 c - 5 boomerangs of dispersal (quivered)
 h - 5 javelins
Armour
 a - a +0 leather armour (worn)
Scrolls
 b - a scroll of blinking
 f - a scroll of fog {unknown}
 i - a scroll of teleportation {unknown}
Potions
 d - a potion of resistance {unknown}
 g - 2 potions of lignification {unknown}


   Skills:
 + Level 2.0 Fighting
 - Level 0.7 Throwing
 - Level 1.0 Armour
 + Level 2.2 Dodging
 + Level 2.0 Unarmed Combat
 + Level 2.4 Spellcasting


You couldn't memorise any spells.
You knew the following spells:

 Your Spells              Type           Power      Damage    Failure   Level
a - Blink                 Tloc           16%        N/A       17%         2
b - Lesser Beckoning      Tloc           8%         N/A       34%         3
c - Gell's Gravitas       Tloc           8%         N/A       34%         3
d - Teleport Other        Tloc           8%         N/A       34%         3
e - Manifold Assault      Tloc           8%         N/A       97%         5
Your spell library was empty.

Dungeon Overview and Level Annotations

Branches:
Dungeon (2/15)

Altars:


Innate Abilities, Weirdness & Mutations

You are immune to sickness and miasma.
You are immune to poison.
Your flesh is very heat resistant. (rF++)
You are vulnerable to cold. (rC-)
You float through the air rather than walking.
You learn spells naturally, not from books.
Your magical power is your life essence.
You have superior vitality. (+4 MHP)


Message History

The ball python grabs you.
You stop descending the stairs.
The ball python constricts you.
Unknown command.
You escape the ball python's grasp.
The rat closely misses you.
You fly downwards.
The kobold shouts!
There is a stone staircase leading up here.
Unknown command.
You barely miss the ball python. The ball python misses you.
The ball python grabs you. The ball python constricts you.
The rat barely misses you.
You hit the ball python.
The ball python is heavily wounded.
The ball python bites you. The ball python constricts you.
You closely miss the ball python.
The ball python is heavily wounded.
The ball python barely misses you. The ball python constricts you.
The rat bites you but does no damage. The kobold barely misses you.
The ball python bites you but does no damage.
The ball python constricts you.
You closely miss the ball python.
The ball python is heavily wounded.
The rat barely misses you. The kobold barely misses you.
The ball python bites you.
* * * LOW HITPOINT WARNING * * *
The ball python constricts you.
Unknown command.
You barely miss the ball python.
The ball python is heavily wounded.
The rat bites you.
* * * LOW HITPOINT WARNING * * *
The kobold closely misses you. The ball python bites you.
* * * LOW HITPOINT WARNING * * *
The ball python constricts you.
You hit the ball python.
The ball python is severely wounded.
The rat bites you but does no damage. The ball python closely misses you.
The ball python constricts you.
The kobold hits you with a +0 short sword.
You die...

#
#######.#
.......
#rK.#
#@S.#
#####


You could see a ball python, a kobold and a rat.

Vanquished Creatures
  A kobold (D:1)
  2 rats (D:1)
3 creatures vanquished.

Notes
Turn   | Place    | Note
-------+----------+-------------------------------------------
     0 | D:1      | Shayle the Djinni Warper began the quest for the Orb.
     0 | D:1      | Reached XP level 1. HP: 18/18 MP: 0/0
   102 | D:1      | Found a faded altar of an unknown god.
   151 | D:2      | Slain by a kobold

Illustrated notes

Levels and vault maps discovered:
D:1:      dpeg_arrival_rooms_c, layout_rooms,
          hellmonk_ecumenical_altar_lost_god, serial_shops,
          nicolae_shop_temple_entry_statues_fountains, lexackson_kobold_supper
D:2:      layout_basic, serial_shops, nicolae_shop_waterfront, uniq_natasha

Action                   || total
-------------------------++-------
Melee: Unarmed           ||    15
Armor: Leather armour    ||     5
Dodge: Dodged            ||    22

Table legend: (Time is in decaauts)
 A = Elapsed time spent in this place.
 B = Non-inter-level travel time spent in this place.
 C = Inter-level travel time spent in this place.
 D = Time resting spent in this place.
 E = Time spent auto-exploring this place.
 F = Levels seen in this place.
 G = Mean time per level.
                   A        B        C        D        E       F      G
               +--------+--------+--------+--------+--------+-----+--------+
         Total |    150 |    150 |      0 |      0 |     50 |   2 |   75.0 |
       Dungeon |    150 |    150 |      0 |      0 |     50 |   2 |   75.0 |
               +--------+--------+--------+--------+--------+-----+--------+

Top non-repeatable levels by time:
     D:1: 144 daAuts
     D:2: 5 daAuts
